 Dungeon Crawl Stone Soup version 0.30-a0-57-g8b159a9891 (webtiles) character file.

Game seed: 8454604956327079463

2459 Napalmbreeze the Fighter (level 9, -1/101 HPs)
             Began as an Ogre Berserker on Aug 30, 2022.
             Was an Elder of Trog.
             Slain by a gnoll
             ... wielding a +0 spear
             ... led by a gnoll bouda
              (5 damage)
             ... on level 7 of the Dungeon on Sept 11, 2022.
             The game lasted 00:22:58 (7772 turns).

Napalmbreeze the Fighter (Ogre Berserker)           Turns: 7772, Time: 00:22:59

Health: -1/101     AC:  3    Str: 33    XL:     9   Next: 50%
Magic:  9/9        EV: 10    Int:  8    God:    Trog [****..]
Gold:   402        SH:  0    Dex:  8    Spells: 8/8 levels left

rFire   + . .      SeeInvis .    q - +2 hand axe (vamp)
rCold   . . .      Faith    +    (no shield)
rNeg    + . .      Spirit   .    l - +0 robe {rF+}
rPois   .          Reflect  .    (helmet restricted)
rElec   .          Harm     .    (no cloak)
rCorr   .          Rampage  .    (gloves unavailable)
Will    .....                    (boots unavailable)
Stlth   +.........               b - amulet of faith
HPRegen 0.26/turn                m - ring of positive energy
MPRegen 0.11/turn                i - +6 ring of strength

@: on berserk cooldown, slowed, very slow
A: large, unfitting armour, tough skin 1
a: Renounce Religion, Berserk, Trog's Hand, Brothers in Arms


You were on level 7 of the Dungeon.
You worshipped Trog.
Trog was greatly pleased with you.
You visited 2 branches of the dungeon, and saw 8 of its levels.

You collected 402 gold pieces.

Inventory:

Hand Weapons
 n - a +0 mace of protection
 q - a +2 vampiric hand axe (weapon)
Missiles
 j - a throwing net (quivered)
Armour
 l - a +0 robe of fire resistance (worn)
Jewellery
 b - an amulet of faith (around neck)
 i - a +6 ring of strength (right hand)
 m - a ring of positive energy (left hand)
Wands
 p - a wand of mindburst (12)
 w - a wand of flame (32)
Scrolls
 a - a scroll of fog
 c - 2 scrolls of fear
 d - 2 scrolls of magic mapping
 e - 3 scrolls of teleportation
 o - a scroll of vulnerability
Potions
 f - a potion of magic
 h - a potion of mutation {unknown}
 k - a potion of brilliance {unknown}
 r - 2 potions of lignification
 s - a potion of resistance {unknown}
 t - a potion of ambrosia
 u - a potion of attraction {unknown}
 x - a potion of flight {unknown}


   Skills:
 - Level 10.0 Fighting
 - Level 6.7(8.0) Axes
 - Level 5.8(7.1) Maces & Flails
 + Level 5.6 Dodging


You had 8 spell levels left.
You didn't know any spells.
Your spell library was empty.

Dungeon Overview and Level Annotations

Branches:
Dungeon (7/15)             Temple (1/1) D:4

Altars:
Ashenzari
Cheibriados
Dithmenos
Elyvilon
Gozag
Hepliaklqana
Kikubaaqudgha
Makhleb
Okawaru
Qazlal
Sif Muna
Trog
Uskayaw
Vehumet
Wu Jian
Xom
Yredelemnul
Zin
The Shining One

Shops:
D:6 :

Annotations:
D:6 2 transporters, flt's ghost, novice DgTm


Innate Abilities, Weirdness & Mutations

You are too large for most types of armour.
You have tough skin. (AC +1)


Message History

You feel yourself slow down. The gnoll hits you with a +0 spear.
The gnoll hits you from afar with a +0 spear.
You hit the gnoll.
You feel better.
The gnoll is almost dead.
The gnoll is no longer moving quickly.
The gnoll hits you with a +0 spear!
The gnoll hits you from afar with a +0 spear.
You closely miss the gnoll.
The gnoll is almost dead.
The gnoll misses you. The gnoll closely misses you.
You feel better. The gnoll barely misses you.
The gnoll hits you from afar with a +0 spear!
The gnoll barely misses you. The gnoll closely misses you.
You slash the gnoll!
You feel better.
You kill the gnoll!
Trog accepts your kill. The gnoll closely misses you. x2
You barely miss the gnoll. The gnoll hits you but does no damage.
The gnoll hits you with a +0 club.
The gnoll hits you from afar with a +0 spear.
The gnoll attacks as you move away! The gnoll closely misses you.
The gnoll hits you with a +0 spear!
* * * LOW HITPOINT WARNING * * *
Things that are here:
a +0 spear; a bullfrog corpse; a gnoll corpse You barely miss the gnoll.
The gnoll is heavily wounded.
You barely miss the gnoll. The gnoll hits you with a +0 club.
* * * LOW HITPOINT WARNING * * *
The gnoll hits you with a +0 spear!
* * * LOW HITPOINT WARNING * * *
The gnoll hits you with a +0 club.
* * * LOW HITPOINT WARNING * * *
You hit the gnoll.
You feel better.
The gnoll is almost dead.
You barely miss the gnoll. The gnoll hits you with a +0 spear.
* * * LOW HITPOINT WARNING * * *
The gnoll hits you with a +0 club.
* * * LOW HITPOINT WARNING * * *
The gnoll hits you with a +0 spear.
You die...

#.# #.# #.#
#.# ... #.#
#)# ###g#
#.@)#
#######g###
........#
.######.#
#.# #.# #.#
###
#.##...#
#......#


You could see 2 gnolls.

Vanquished Creatures
  Grinder (D:5)
  Sigmund (D:2)
  A wyvern (D:5)
  Edmund (D:5)
  A water moccasin (D:6)
  A sky beast (D:6)
  An ice beast (D:7)
  An ogre (D:4)
  A black bear (D:4)
  2 centaurs (D:6)
  2 necrophages
  A bullfrog (D:7)
  6 scorpions
  2 howler monkeys
  2 hounds (D:5)
  A jelly (D:6)
  2 orc priests
  2 gnoll boudas
  Jessica (D:2)
  2 iguanas
  2 orc wizards
  Robin (D:2)
  10 gnolls
  6 adders
  An ufetubus (D:4)
  5 worms
  13 dart slugs
  13 orcs
  8 endoplasms
  4 giant cockroaches
  16 goblins
  12 hobgoblins
  4 kobolds
  4 quokkas
  2 ball pythons
  3 bats (D:1)
  A frilled lizard (D:1)
  3 rats
140 creatures vanquished.

Vanquished Creatures (others)
  A demonic plant (D:1)
  A fungus (D:1)
  A plant (D:1)
3 creatures vanquished.

Grand Total: 143 creatures vanquished

Notes
Turn   | Place    | Note
-------+----------+-------------------------------------------
     0 | D:1      | Napalmbreeze the Ogre Berserker began the quest for the
                  | Orb.
     0 | D:1      | Reached XP level 1. HP: 24/24 MP: 1/1
   240 | D:1      | Reached XP level 2. HP: 30/33 MP: 2/2
   474 | D:1      | Found a faded altar of an unknown god.
  1034 | D:2      | Reached XP level 3. HP: 33/40 MP: 3/3
  1290 | D:2      | Found an opulent altar of Gozag.
  1336 | D:2      | Reached skill level 5 in Fighting
  1339 | D:2      | Identified the +5 helmet of Hairiness {Rampage Drain Will++
                  | Regen+}
  1339 | D:2      | Noticed Robin
  1602 | D:2      | Killed Robin
  1603 | D:2      | Reached XP level 4. HP: 31/50 MP: 4/4
  1675 | D:2      | Reached ** piety under Trog
  1970 | D:2      | Noticed Sigmund
  1984 | D:2      | Killed Sigmund
  1985 | D:2      | Reached skill level 6 in Fighting
  1985 | D:2      | Reached skill level 5 in Maces & Flails
  1985 | D:2      | Reached XP level 5. HP: 59/59 MP: 5/5
  1985 | D:2      | Reached XP level 6. HP: 67/67 MP: 6/6
  1989 | D:2      | Noticed Jessica
  2003 | D:2      | Killed Jessica
  2785 | D:3      | Found a bloodstained altar of Trog.
  3350 | D:4      | Reached *** piety under Trog
  3351 | D:4      | Reached skill level 7 in Fighting
  3469 | D:4      | Reached XP level 7. HP: 66/78 MP: 7/7
  3880 | D:4      | Found a shimmering altar of Xom.
  3880 | D:4      | Found a shimmering altar of Xom.
  3880 | D:4      | Found a shimmering altar of Xom.
  3880 | D:4      | Found a shimmering altar of Xom.
  3882 | D:4      | Found a shimmering altar of Xom.
  3882 | D:4      | Found a shimmering altar of Xom.
  4682 | D:4      | Found a staircase to the Ecumenical Temple.
  4691 | Temple   | Entered the Ecumenical Temple
  4928 | D:4      | Found a glowing golden altar of the Shining One.
  4929 | D:4      | Found a hazy altar of Hepliaklqana.
  5138 | D:5      | Entered Level 5 of the Dungeon
  5138 | D:5      | Noticed Grinder
  5138 | D:5      | Noticed a wyvern
  5331 | D:5      | Killed a wyvern
  5332 | D:5      | Reached XP level 8. HP: 30/88 MP: 8/8
  5631 | D:5      | Reached skill level 8 in Fighting
  5780 | D:5      | Paralysed by Grinder for 5 turns
  5781 | D:5      | Noticed Edmund
  5795 | D:4      | Reached skill level 5 in Axes
  6004 | D:5      | Killed Grinder
  6007 | D:5      | Killed Edmund
  6008 | D:5      | Reached skill level 9 in Fighting
  6485 | D:6      | Noticed a queen bee
  6488 | D:6      | Noticed a hornet
  6544 | D:6      | Reached XP level 9. HP: 101/101 MP: 9/9
  6599 | D:6      | Reached skill level 10 in Fighting
  6779 | D:6      | Found Vusisus's Book Emporium.
  6785 | D:6      | Found a transporter.
  6787 | D:6      | Found a transporter.
  7018 | D:6      | Reached **** piety under Trog
  7178 | D:6      | Noticed flt's ghost (novice DgTm)
  7503 | D:6      | Upgraded the game from 0.30-a0-42-g806c11bf1d to
                  | 0.30-a0-57-g8b159a9891
  7538 | D:7      | Reached skill level 5 in Dodging
  7772 | D:7      | HP: 4/101 [gnoll/+0 club[a gnoll bouda] (4)]
  7772 | D:7      | Slain by a gnoll

Illustrated notes

Levels and vault maps discovered:
D:1:      doesnt_arrival_eight_statues, layout_loops_cross,
          shapermc_ecumenical_altar_gd
D:2:      layout_basic, basic_altar, grunt_decor_cap, uniq_jessica, uniq_robin,
          uniq_sigmund
D:3:      kennysheep_slugbush, layout_rooms, trog_three_pillars_becter
D:4:      layout_loops_corners, xom_redecorated, nicolae_overflow_hidden_temple,
          temple_hall
D:5:      layout_rooms, uniq_grinder, uniq_edmund
D:6:      layout_rooms, serial_shops, shop, gammafunk_ghost_hive
D:7:      layout_loops_ring, uniq_joseph, uniq_prince_ribbit1, uniq_menkaure
Temple:   jpeg_temple_clearing

Skill      XL: |  1  2  3  4  5  6  7  8  9 |
---------------+----------------------------+-----
Maces & Flails | 3 5 |  5.8
Fighting       | 5 6 7 9 10 | 10.0
Axes           | 4 6 |  6.7
Dodging        | 5 |  5.6

Action                   |  1- 3 |  4- 6 |  7- 9 || total
-------------------------+-------+-------+-------++-------
Melee: Mace              |    96 |   153 |    14 ||   263
       Punch             |       |     2 |     3 ||     5
       Hand axe          |       |       |   213 ||   213
Invok: Berserk           |       |     2 |     8 ||    10
       Trog's Hand       |       |     1 |     1 ||     2
  Use: Scroll            |       |       |     8 ||     8
       Potion            |       |       |     1 ||     1
Armor: Animal skin       |    28 |     9 |       ||    37
       Robe              |       |    14 |    41 ||    55
Dodge: Dodged            |    66 |    75 |   128 ||   269

Table legend: (Time is in decaauts)
 A = Elapsed time spent in this place.
 B = Non-inter-level travel time spent in this place.
 C = Inter-level travel time spent in this place.
 D = Time resting spent in this place.
 E = Time spent auto-exploring this place.
 F = Levels seen in this place.
 G = Mean time per level.
                   A        B        C        D        E       F      G
               +--------+--------+--------+--------+--------+-----+--------+
         Total |   7901 |   7470 |    431 |   2601 |   2909 |   8 |  987.6 |
       Dungeon |   7794 |   7375 |    419 |   2601 |   2827 |   7 | 1113.4 |
        Temple |    107 |     95 |     12 |      0 |     82 |   1 |  107.0 |
               +--------+--------+--------+--------+--------+-----+--------+

Top non-repeatable levels by time:
     D:4: 2316 daAuts
     D:2: 1397 daAuts
     D:1: 1211 daAuts
     D:6: 1077 daAuts
     D:3: 783 daAuts
     D:5: 769 daAuts
     D:7: 237 daAuts
  Temple: 107 daAuts
